 Dungeon Crawl Stone Soup version 0.28.0-53-g5a82cb258f (webtiles) character file.

Game seed: 5952790216554297731

155 issech the Chopper (level 5, 0/47 HPs)
             Began as a Minotaur Monk on June 8, 2022.
             Slain by an iguana (4 damage)
             ... on level 4 of the Dungeon.
             The game lasted 00:08:30 (3300 turns).

issech the Chopper (Minotaur Monk)                  Turns: 3300, Time: 00:08:31

Health: 0/47       AC:  4    Str: 16    XL:     5   Next: 14%
Magic:  4/4        EV: 13    Int:  9    God:
Gold:   180        SH:  0    Dex: 14    Spells: 4/4 levels left

rFire   . . .      SeeInvis .   n - +2 dagger (venom)
rCold   . . .      Faith    .   (no shield)
rNeg    . . .      Spirit   .   l - +2 robe "Oguj" {Int+2}
rPois   .          Reflect  .   (helmet restricted)
rElec   .          Harm     .   (no cloak)
rCorr   .          Rampage  .   (no gloves)
Will    .....                   (no boots)
Stlth   ++........              (no amulet)
HPRegen 0.15/turn               (no ring)
MPRegen 0.09/turn               (no ring)

@: no status effects
A: horns 2, retaliatory headbutt
a: no special abilities


You were on level 4 of the Dungeon.
You visited 1 branch of the dungeon, and saw 4 of its levels.

You collected 180 gold pieces.

Inventory:

Hand Weapons
 a - a +0 hand axe
 d - a +0 mace
 n - a +2 dagger of venom (weapon)
 u - a +0 whip
 v - a +0 flail
 w - a +0 club
Missiles
 f - 58 stones (quivered)
 h - 34 bolts
 j - 5 curare-tipped darts
 q - 20 arrows
Armour
 b - a +0 robe
 g - a +0 leather armour
 l - the +2 robe "Oguj" (worn) {Int+2}
   (You found it on level 2 of the Dungeon)

   Int:       It affects your intelligence (+2).
 y - a +0 scale mail
Wands
 x - a wand of charming (8)
Scrolls
 c - 2 scrolls of fear {unknown}
 k - a scroll of blinking {unknown}
 m - a scroll of teleportation {unknown}
 r - a scroll of fog {unknown}
Potions
 e - a potion of magic {unknown}
 i - 2 potions of curing {unknown}
 o - 2 potions of might {unknown}
 p - 2 potions of attraction {unknown}
 s - a potion of mutation {unknown}
 t - a potion of heal wounds {unknown}


   Skills:
 + Level 4.5 Fighting
 + Level 0.2 Short Blades
 + Level 4.7 Axes
 + Level 0.3 Throwing
 + Level 2.7 Armour
 + Level 3.9 Dodging
 + Level 2.1 Stealth


You had 4 spell levels left.
You didn't know any spells.
Your spell library contained the following spells:

 Spells                   Type           Power      Damage    Failure   Level
 Sublimation of Blood     Necr           0%         N/A       52%         2
 Wereblood                Tmut           0%         N/A       52%         2
 Call Canine Familiar     Summ           0%         N/A       77%         3
 Portal Projectile        Hex/Tloc       0%         N/A       77%         3
 Leda's Liquefaction      Hex/Erth       0%         N/A       99%         4
 Summon Hydra             Summ           0%         N/A       100%        7


Dungeon Overview and Level Annotations

Branches:
Dungeon (4/15)
 Temple: D:4-7

Altars:
Trog

Shops:
D:3 !


Innate Abilities, Weirdness & Mutations

You have a pair of horns on your head.
You reflexively headbutt those who attack you in melee.


Message History

You closely miss the goblin.
The iguana hisses angrily.
You headbutt the goblin.
You kill the goblin!
An endoplasm comes into view.
You see here a +0 club.
The adder bites you. The adder bites you but does no damage.
The iguana bites you.
You closely miss the iguana. You headbutt the iguana.
The iguana is moderately wounded.
The adder bites you. The iguana bites you! The adder completely misses you.
You closely miss the iguana.
The iguana is moderately wounded.
The adder bites you. The iguana closely misses you. The endoplasm misses you.
You furiously retaliate!
You headbutt the endoplasm!
You kill the endoplasm!
You hit the adder.
The adder is poisoned.
Your headbutt misses the adder.
The adder is moderately wounded.
The adder barely misses you. The iguana bites you!
* * * LOW HITPOINT WARNING * * *
The adder bites you.
* * * LOW HITPOINT WARNING * * *
You are poisoned.
The adder poisons you! The adder closely misses you.
You feel sick.
You feel sick.
You feel sick. The adder bites you but does no damage.
You feel sick.
You feel sick.
Found 8 gold pieces.
You feel sick.
You are no longer poisoned.
The adder misses you. You furiously retaliate!
You headbutt the adder!
You kill the adder!
You hit the iguana.
The iguana is moderately wounded.
The iguana misses you.
You hit the iguana but do no damage.
The iguana is moderately wounded.
The iguana bites you.
You die...

### #.## ##..# ###...##
##.#....## #.....@..#..
#.....l......# #.$
#.........#.## ..
###.........#..#
#.####.........#.#.#
##.#.##.........#...#
.##...............#...#
..............#.....###
###..........##†#...#####


You could see an iguana.

Vanquished Creatures
  3 gnolls (D:3)
  6 adders
  An ufetubus (D:4)
  3 dart slugs (D:2)
  8 endoplasms
  3 giant cockroaches
  9 goblins
  A hobgoblin (D:2)
  3 quokkas
  5 ball pythons
  6 bats
  4 frilled lizards
  5 kobolds
  4 rats
61 creatures vanquished.

Notes
Turn   | Place    | Note
-------+----------+-------------------------------------------
     0 | D:1      | issech the Minotaur Monk began the quest for the Orb.
     0 | D:1      | Reached XP level 1. HP: 19/19 MP: 0/0
   136 | D:1      | Found a faded altar of an unknown god.
   214 | D:1      | Reached XP level 2. HP: 18/27 MP: 1/1
  1230 | D:2      | Reached XP level 3. HP: 21/33 MP: 2/2
  1408 | D:2      | Identified the +2 robe "Oguj" {Int+2}
  1491 | D:2      | Reached skill level 1 in Armour
  1728 | D:2      | Reached XP level 4. HP: 14/40 MP: 3/3
  2380 | D:3      | Found Pamoezelo's Distillery.
  2636 | D:3      | Found a bloodstained altar of Trog.
  3243 | D:4      | Reached XP level 5. HP: 47/47 MP: 4/4
  3300 | D:4      | Slain by an iguana

Illustrated notes

Levels and vault maps discovered:
D:1:      tarquinn_simple_flora_water_f, layout_basic,
          chequers_ecumenical_altar_island, hex_tiny, st_stairs_11,
          wander_ebering_terrifying_dragon_lair
D:2:      layout_rooms
D:3:      layout_basic, mainiacjoe_overflow_24_doors, serial_shops,
          nicolae_shop_stone
D:4:      cheibrodos_helix_gallery, layout_cave_pools

Skill      XL: |  1  2  3  4 |
---------------+-------------+-----
Axes           | 4 |  4.7
Fighting       | 4 |  4.5
Armour         | 1 2 |  2.7
Stealth        | 2 |  2.1
Short Blades   | |  0.2
Throwing       | |  0.3
Dodging        | |  3.9

Action                   |  1- 3 |  4- 6 || total
-------------------------+-------+-------++-------
Melee: Hand axe          |    68 |       ||    68
       Headbutt          |    13 |     9 ||    22
       Dagger            |     9 |    29 ||    38
Throw: Stone             |     8 |     4 ||    12
 Stab: Sleeping          |     1 |     1 ||     2
Armor: Robe              |    19 |     5 ||    24
       Leather armour    |    14 |       ||    14
Dodge: Dodged            |    71 |    33 ||   104
